 Dungeon Crawl Stone Soup version 0.20-a0-1122-gb7cbeb9 (webtiles) character file.

28 RebelPilot the Covered (level 3, 0/23 HPs)
             Began as a Gargoyle Fighter on Apr 2, 2017.
             Slain by a frilled lizard (1 damage)
             ... on level 2 of the Dungeon on May 14, 2017.
             The game lasted 00:04:45 (497 turns).

RebelPilot the Covered (Gargoyle Fighter)            Turns: 497, Time: 00:04:45

Health: 0/23       AC: 10    Str: 20    XL:     3   Next: 12%
Magic:  12/12      EV:  7    Int:  8    God:
Gold:   44         SH:  9    Dex:  9    Spells: 2/2 levels left

rFire    . . .     SeeInvis .   a - +0 flail
rCold    . . .     Gourm    .   c - +0 shield
rNeg     + . .     Faith    .   b - +0 scale mail
rPois    ∞         Spirit   .   (no helmet)
rElec    +         Reflect  .   (no cloak)
rCorr    .         Harm     .   (no gloves)
MR       .....                  (no boots)
Stlth    ..........             (no amulet)
Regen    0.1/turn               i - ring of magical power
MPRegen  0.2/turn               (no ring)

@: no status effects
A: negative energy resistance 1, electricity resistance, unbreathing,
petrification resistance, rot immunity, AC +3
a: no special abilities


You were on level 2 of the Dungeon.
You were not hungry.

You visited 1 branch of the dungeon, and saw 2 of its levels.

You collected 44 gold pieces.

Inventory:

Hand Weapons
 a - a +0 flail (weapon)
Armour
 b - a +0 scale mail (worn)
 c - a +0 shield (worn)
 g - a +0 ring mail
Jewellery
 i - a ring of magical power (left hand)
Scrolls
 e - a scroll of fear
 h - 3 scrolls of random uselessness {unknown}
Potions
 d - a potion of might
 k - a potion of agility {unknown}
Comestibles
 f - a bread ration
 j - a meat ration


   Skills:
 + Level 3.5 Fighting
 + Level 2.2 Maces & Flails
 + Level 3.7 Armour
 + Level 0.7 Dodging
 + Level 3.5 Shields


You had 2 spell levels left.
You didn't know any spells.

Dungeon Overview and Level Annotations

Branches:
Dungeon (2/15)

Altars:

Annotations:
D:2 Jessica


Innate Abilities, Weirdness & Mutations

You are resistant to torment.
Your stone body is resilient. (AC +3)
You are immune to poison.
You resist negative energy. (rN+)
You are resistant to electric shocks. (rElec)
You can survive without breathing.
You are immune to petrification.
You are immune to rotting.


Message History

You closely miss the frilled lizard. The goblin closely misses you.
The frilled lizard bites you but does no damage.
You closely miss the frilled lizard. You block the goblin's attack.
The frilled lizard bites you but does no damage.
The goblin hits you but does no damage. The frilled lizard closely misses you.
You miss the frilled lizard. You block the goblin's attack.
The frilled lizard bites you.
* * * LOW HITPOINT WARNING * * *
You closely miss the frilled lizard. The goblin barely misses you.
The frilled lizard bites you but does no damage.
The goblin hits you.
* * * LOW HITPOINT WARNING * * *
You see here a stone.
You closely miss the frilled lizard.
The frilled lizard bites you but does no damage.
Jessica gestures wildly while chanting.
Jessica blinks!
The frilled lizard barely misses you.
You miss the frilled lizard. You block the frilled lizard's attack.
You closely miss the frilled lizard. The frilled lizard bites you.
You die...

#........ #.(......
#........ #....b...
#l# #.# # #†# .#
########'#########..#
#.........gl@(((....#
#..........######.#.#
#.......@(........#
#.......(((.......#
###########.......'
.......# .......#
.......# .......


You could see Jessica, a goblin and a frilled lizard.

Vanquished Creatures
  2 oozes (D:1)
  A worm (D:2)
  A dart slug (D:1)
  A giant cockroach (D:1)
  A hobgoblin (D:1)
  4 bats
  2 frilled lizards (D:1)
  3 kobolds
15 creatures vanquished.

Notes
Turn   | Place    | Note
-------+----------+-------------------------------------------
     0 | D:1      | RebelPilot the Gargoyle Fighter began the quest for the Orb.
     0 | D:1      | Reached XP level 1. HP: 14/14 MP: 1/1
     0 | D:1      | Upgraded the game from 0.20-a0-947-g2784f4f to 0.20-a0-1122-gb7cbeb9
    39 | D:1      | Reached XP level 2. HP: 19/19 MP: 2/2
   415 | D:2      | Reached XP level 3. HP: 19/23 MP: 3/3
   443 | D:2      | Noticed Jessica
   493 | D:2      | HP: 1/23 [goblin (3)]
   497 | D:2      | Slain by a frilled lizard

Vault maps used:
D:1:      dpeg_arrival_shelter
D:2:      lemuel_blue_sif_altar, first_bread, uniq_jessica

Action                   || total
-------------------------++-------
Melee: Flail             ||    99
  Use: Scroll            ||     2
Armor: Scale mail        ||    98
Dodge: Dodged            ||    63
Block: Shield            ||    97
